 Dungeon Crawl Stone Soup version 0.29-a0-266-gf56f883ddd (webtiles) character file.

Game seed: 3890692832161513664

4 Crownlay the Digger (level 1, 0/11 HPs)
             Began as an Octopode Earth Elementalist on Mar 6, 2022.
             Killed from afar by a dart slug (4 damage)
             ... with a slug dart
             ... on level 1 of the Dungeon.
             The game lasted 00:00:25 (132 turns).

Crownlay the Digger (Octopode Earth Elementalist)    Turns: 132, Time: 00:00:25

Health: 0/11       AC:  1    Str:  7    XL:     1   Next: 60%
Magic:  3/3        EV: 13    Int: 17    God:
Gold:   8          SH:  0    Dex: 12    Spells: 3/4 levels left

rFire   . . .      SeeInvis .   d - +0 short sword
rCold   . . .      Faith    .   (no shield)
rNeg    . . .      Spirit   .   (helmet restricted)
rPois   .          Reflect  .   (no amulet)
rElec   .          Harm     .   (no ring)
rCorr   .          Rampage  .   (no ring)
Will    .....                   (no ring)
Stlth   +++.......              (no ring)
HPRegen 0.03/turn               (no ring)
MPRegen 0.08/turn               (no ring)
                                (no ring)
                                (no ring)

@: no status effects
A: almost no armour, amphibious, 8 rings, camouflage 1, gelatinous body 1,
(nimble swimmer 1), tentacles
a: no special abilities


You were on level 1 of the Dungeon.
You visited 1 branch of the dungeon, and saw 1 of its levels.

You collected 8 gold pieces.

Inventory:

Hand Weapons
 d - a +0 short sword (weapon)
Missiles
 a - 27 stones
Potions
 b - a potion of magic
 c - a potion of mutation {unknown}


   Skills:
 - Level 2.0 Dodging
 - Level 2.6 Stealth
 * Level 2.2 Spellcasting
 - Level 1.0 Transmutations
 + Level 3.1 Earth Magic


You had 3 spell levels left.
You knew the following spells:

 Your Spells              Type           Power      Damage    Failure   Level
a - Sandblast             Erth           24%        2d8       5%          1

Your spell library contained the following spells:

 Spells                   Type           Power      Damage    Failure   Level
 Passwall                 Tmut/Erth      6%         N/A       12%         2
 Stone Arrow              Conj/Erth      14%        3d7       30%         3
 Petrify                  Tmut/Erth      8%         N/A       63%         4


Dungeon Overview and Level Annotations

Branches:
Dungeon (1/15)

Altars:


Innate Abilities, Weirdness & Mutations

You cannot wear most types of armour.
You are amphibious.
You can wear up to eight rings at the same time.
Your skin changes colour to match your surroundings (Stealth+).
Your rubbery body absorbs attacks. (AC +1, EV +1)
((You are camouflaged when in or above water. (Stealth+)))
You have tentacles for arms and can constrict up to eight enemies at once.


Message History

You are too injured to fight recklessly!
You tentacle-slap the kobold. You squeeze the kobold.
You kill the kobold!
You closely miss the rat. You grab the rat. You constrict the rat.
The rat bites you.
* * * LOW HITPOINT WARNING * * *
You barely miss the rat. You squeeze the rat, but do no damage.
The rat is heavily wounded.
You constrict the rat.
You kill the rat!
You see here a rat corpse.
Things that are here:
a +0 club; a goblin corpse You see here a rat corpse.
Things that are here:
a +0 short sword; a kobold corpse
d - a +0 short sword
d - a +0 short sword (weapon)
Magic restored.
A dart slug comes into view.
You are too injured to fight recklessly!
You are too injured to fight recklessly!
You see here a rat corpse.
Things that are here:
a +0 club; a goblin corpse You see here a rat corpse.
You see here a kobold corpse.
You see here a kobold corpse.
You see here a rat corpse.
Things that are here:
a +0 club; a goblin corpse
Things that are here:
a +0 club; a goblin corpse You see here a rat corpse.
The dart slug launches a dart at you. The slug dart misses you.
You see here a kobold corpse.
The dart slug launches a dart at you. The slug dart hits you.
You die...

########....#.
##...##....#.. #
##............#.#
#...........#...#
#.............#.##
#...........#....
.. #.......$....#.
... #..w@††)...#..
....
#....###...#...#
#..# #.#.##
###.##.###...#
..... #$##......#
..#.###
#......##.##.# ...
####....#.##.# #
#.##.#.##.#
##.##...##.#
$........##.#


You could see a dart slug.

Vanquished Creatures
  A goblin (D:1)
  A kobold (D:1)
  A ball python (D:1)
  A rat (D:1)
4 creatures vanquished.

Notes
Turn   | Place    | Note
-------+----------+-------------------------------------------
     0 | D:1      | Crownlay the Octopode Earth Elementalist began the quest
                  | for the Orb.
     0 | D:1      | Reached XP level 1. HP: 11/11 MP: 3/3
   132 | D:1      | Killed from afar by a dart slug

Illustrated notes

Levels and vault maps discovered:
D:1:      scummos_arrival_forest, layout_rooms, minmay_misc_feat_pillars

Action                   || total
-------------------------++-------
Melee: Unarmed           ||     7
       Tentacles         ||     3
       Constrict         ||     2
 Cast: Sandblast         ||     3
Dodge: Dodged            ||     4

Table legend: (Time is in decaauts)
 A = Elapsed time spent in this place.
 B = Non-inter-level travel time spent in this place.
 C = Inter-level travel time spent in this place.
 D = Time resting spent in this place.
 E = Time spent auto-exploring this place.
 F = Levels seen in this place.
 G = Mean time per level.
                   A        B        C        D        E       F      G
               +--------+--------+--------+--------+--------+-----+--------+
         Total |    131 |    131 |      0 |      0 |     88 |   1 |  131.0 |
       Dungeon |    131 |    131 |      0 |      0 |     88 |   1 |  131.0 |
               +--------+--------+--------+--------+--------+-----+--------+

Top non-repeatable levels by time:
     D:1: 131 daAuts
